 Dungeon Crawl Stone Soup version 0.28-a0-941-g140ffa10cf (webtiles) character file.

Game seed: 11626017091419448455

54896 MacCMillion the Severer (level 14, -8/135 HPs)
             Began as a Hill Orc Fighter on Nov 29, 2021.
             Was a High Priest of Yredelemnul.
             Mangled by a thrashing horror (9 damage)
             ... on level 3 of the Abyss.
             The game lasted 01:49:20 (26772 turns).

MacCMillion the Severer (Hill Orc Fighter)         Turns: 26772, Time: 01:49:20

Health: -8/135     AC: 22    Str: 26    XL:     14   Next: 74%
Magic:  15/15      EV:  8    Int:  4    God:    Yredelemnul [*****.]
Gold:   970        SH:  9    Dex:  6    Spells: 9/15 levels left

rFire   . . .      SeeInvis +   H - +5 broad axe (freeze)
rCold   + . .      Faith    .   c - +0 buckler
rNeg    + + .      Spirit   .   W - +0 plate armour of Proximity {-Tele rN++ Slay+4 SInv}
rPois   .          Reflect  +   Q - +2 hat
rElec   .          Harm     .   p - +1 cloak
rCorr   .          Rampage  .   (no gloves)
Will    +....      Rage     3%  l - +2 pair of boots {Stlth+}
Stlth   .......... NoTele   +   K - amulet of reflection
HPRegen 0.00/turn               r - ring of protection from cold
MPRegen 0.14/turn               f - +6 ring of strength

@: inhibited regen, unable to read
A: [berserk 2], [clumsy 2], [dopey 2], [low mp 3], [inhibited regeneration],
[weak 2], [no potion heal 2], [inability to read while threatened]
a: Renounce Religion, Recall Undead Slaves, Injury Mirror, Animate Dead, Drain
Life, Enslave Soul


You were on level 3 of the Abyss.
You worshipped Yredelemnul.
Yredelemnul was extremely pleased with you.
You visited 3 branches of the dungeon, and saw 20 of its levels.
You visited the Abyss 1 time.

You collected 1355 gold pieces.
You spent 385 gold pieces at shops.

Inventory:

Hand Weapons
 a - a +0 war axe
 d - a +2 war axe of pain
 C - a +2 morningstar of freezing
 H - a +5 broad axe of freezing (weapon)
 J - a +2 broad axe
Missiles
 m - 555 stones
 v - 3 silver boomerangs
 x - 65 poisoned darts (quivered)
 A - 6 javelins
 L - 4 curare-tipped darts
 X - 3 datura-tipped darts
Armour
 c - a +0 buckler (worn)
 h - a +0 plate armour
 l - a +2 pair of boots of stealth (worn)
 p - a +1 cloak (worn)
 D - +0 steam dragon scales
 N - a +0 pair of gloves
 O - a +0 troll leather armour
 Q - a +2 hat (worn)
 S - a +3 plate armour
 T - a +0 kite shield of fire resistance
 W - the +0 plate armour of Proximity (worn) {-Tele rN++ Slay+4 SInv}
   (You found it on level 3 of the Lair of Beasts)

   Slay:      It affects your accuracy & damage with ranged weapons and melee
   (+4).
   rN:        It greatly protects you from negative energy.
   SInv:      It lets you see invisible.
   -Tele:     It prevents most forms of teleportation.
 Z - a +1 pair of gloves of infusion
Jewellery
 e - an amulet of the acrobat
 f - a +6 ring of strength (right hand)
 r - a ring of protection from cold (left hand)
 w - a ring of fire
 I - a +6 ring of intelligence
 K - an amulet of reflection (around neck)
 P - a ring of see invisible
Wands
 t - a wand of iceblast (3)
 y - a wand of polymorph (1)
 U - a wand of digging (4)
 Y - a wand of acid (7)
Scrolls
 b - 2 scrolls of amnesia
 k - a scroll of silence
 n - 2 scrolls of magic mapping
 o - a scroll of immolation
 q - 2 scrolls of noise
 s - 2 scrolls of enchant armour
 u - a scroll of vulnerability
 B - 3 scrolls of identify
 F - 3 scrolls of fear
 M - 3 scrolls of fog
Potions
 g - 3 potions of resistance
 i - a potion of ambrosia
 j - 4 potions of brilliance
 z - 5 potions of heal wounds
 E - a potion of mutation
 G - 4 potions of curing
 R - a potion of degeneration
 V - a potion of invisibility


   Skills:
 - Level 15.3 Fighting
 - Level 17.6(18.0) Axes
 - Level 4.9(10.9) Maces & Flails
 + Level 2.8 Throwing
 - Level 10.0 Armour
 - Level 3.0 Dodging
 * Level 6.6 Shields
 - Level 1.0 Spellcasting
 - Level 5.0 Necromancy
 - Level 0.1 Air Magic
 - Level 6.0 Poison Magic
 + Level 10.9 Invocations
 - Level 5.0 Evocations


You had 9 spell levels left.
You knew the following spells:

 Your Spells              Type           Power      Damage    Failure   Level
a - Poisonous Vapours     Pois/Air       4%         N/A       90%         2
b - Olgreb's Toxic Radia  Pois           5%         N/A       99%         4

Your spell library contained the following spells:

 Spells                   Type           Power      Damage    Failure   Level
 Pain                     Necr           16%        1d4       52%         1
 Sting                    Tmut/Pois      8%         1d3       80%         1
 Slow                     Hex            0%         N/A       99%         1
 Summon Small Mammal      Summ           0%         N/A       99%         1
 Spider Form              Tmut/Pois      2%         N/A       99%         3
 Wereblood                Tmut           0%         N/A       100%        2
 Call Canine Familiar     Summ           0%         N/A       100%        3
 Confusing Touch          Hex            0%         N/A       100%        3
 Ozocubu's Armour         Ice            0%         N/A       100%        3
 Stone Arrow              Conj/Erth      0%         3d7       100%        3
 Summon Guardian Golem    Hex/Summ       0%         N/A       100%        3
 Tukima's Dance           Hex            0%         N/A       100%        3
 Animate Armour           Summ/Erth      0%         N/A       100%        4
 Cause Fear               Hex            0%         N/A       100%        4
 Passage of Golubria      Tloc           0%         N/A       100%        4
 Agony                    Necr           4%         N/A       100%        5
 Excruciating Wounds      Necr           2%         N/A       100%        5
 Freezing Cloud           Conj/Ice/Air   0%         6-21      100%        5
 Metabolic Englaciation   Hex/Ice        0%         N/A       100%        5
 Yara's Violent Unravell  Hex/Tmut       0%         3d3       100%        5
 Simulacrum               Ice/Necr       1%         N/A       100%        6
 Dragon Form              Tmut           0%         N/A       100%        7
 Ozocubu's Refrigeration  Ice            0%         4d5       100%        7
 Storm Form               Tmut/Air       0%         N/A       100%        7
 Ignition                 Fire           0%         3d3       100%        8
 Lehudib's Crystal Spear  Conj/Erth      0%         10d2      100%        8
 Dragon's Call            Summ           0%         N/A       100%        9
 Polar Vortex             Ice            0%         N/A       100%        9


Dungeon Overview and Level Annotations

Branches:
Dungeon (13/15)            Temple (1/1) D:5            Lair (6/6) D:11
 Shoals (0/4) Lair:2       Spider (0/4) Lair:3        Slime (0/5) Lair:5
    Orc (0/2) D:12
 Vaults: D:13-14

Altars:
Ashenzari
Cheibriados
Dithmenos
Elyvilon
Fedhas
Gozag
Hepliaklqana
Kikubaaqudgha
Makhleb
Nemelex Xobeh
Okawaru
Qazlal
Ru
Sif Muna
Trog
Uskayaw
Vehumet
Wu Jian
Xom
Yredelemnul
Zin
The Shining One
Jiyva

Shops:
D:7 !?   D:8 *   D:9 *   D:10 (:

Annotations:
Lair:3 1 runed translucent door, Onkuvak's ghost, journeyman TrMo


Innate Abilities, Weirdness & Mutations

[You often lose your temper in combat.]
[You are very clumsy. (Dex -4)]
[You are very dopey. (Int -4)]
[Your magical capacity is extremely low. (-30% MP)]
[You do not regenerate when monsters are visible.]
[You are very weak. (Str -4)]
[Potions cannot restore your health.]
[You sometimes lose the ability to read scrolls when taking damage.]


Message History

You block the starspawn tentacle's attack.
Unknown command.
You block the starspawn tentacle's attack.
Unknown command.
You block the thrashing horror's attack. x2
Unknown command.
The thrashing horror roars!
You block the thrashing horror's attack. x2
The starspawn tentacle grabs you. The starspawn tentacle constricts you.
You escape the starspawn tentacle's grasp.
Found a gateway leading out of the Abyss.
The thrashing horror tramples you but does no damage. x2
Found 40 gold pieces.
The thrashing horror roars!
You block the thrashing horror's attack.
The thrashing horror tramples you but does no damage.
The thrashing horror roars!
The thrashing horror barely misses you.
You block the thrashing horror's attack.
You block the starspawn tentacle's attack.
The thrashing horror tramples you but does no damage.
The thrashing horror tramples you.
* * * LOW HITPOINT WARNING * * *
You stumble backwards!
The thrashing horror tramples you but does no damage. x2
The thrashing horror roars!
The thrashing horror tramples you but does no damage.
The thrashing horror tramples you.
* * * LOW HITPOINT WARNING * * *
You stumble backwards!
The thrashing horror roars!
You block the thrashing horror's attack.
The thrashing horror tramples you but does no damage.
The thrashing horror roars!
The thrashing horror tramples you but does no damage. x2
The thrashing horror roars!
The thrashing horror tramples you!
You feel threatened and lose the ability to read scrolls!
You die...
Your body rises from the dead as a mindless zombie.

# .#....## .###..
...# .##... .#.#
zz#.....#.##
#X/─.... #.#
.│#.\.....#.
.###X..#. #.
###.....
.##.###### .
#....z###...#X@.#
.──#...X####
#.###.#
...#...........#
.. # #
....######.# ##
.#.##...# ###
##.∩..# ..$.... .
. ...# #..#.....


You could see a thrashing horror.

Vanquished Creatures
  Snorg (Lair:6)
  A vault guard (D:13)
  5 hydras
  A rakshasa (D:11)
  An ogre mage (D:13)
  2 two-headed ogres
  Urug (Lair:1)
  3 death yaks
  A sea snake (Lair:6)
  A death drake (Lair:2)
  Pikel (D:6)
  A wolf spider (Lair:5)
  2 deep elf pyromancers
  A cyclops (D:12)
  An ugly thing (D:8)
  11 elephants
  A torpor snail (Lair:4)
  4 black mambas
  2 gargoyles
  7 cane toads
  4 rime drakes
  Maggie (D:7)
  A kobold demonologist (D:10)
  A yaktaur (D:13)
  9 komodo dragons
  A tengu conjurer (D:11)
  6 trolls
  A polar bear (Lair:4)
  A wind drake (Lair:6)
  13 blink frogs
  3 raiju (Abyss:3)
  Sigmund (D:4)
  2 redbacks (Lair:3)
  2 spriggans (Lair:4)
  3 wyverns
  A wraith (D:11)
  A fire elemental (Lair:5)
  3 water elementals (D:12)
  3 basilisks
  3 golden eyes (Abyss:3)
  48 yaks
  A human (D:13)
  A steam dragon (Lair:6)
  2 acid dragons
  16 water moccasins
  3 black bears
  3 orc warriors
  A sky beast (D:7)
  An ice beast (D:8)
  A hornet zombie (D:8)
  3 centaurs
  3 phantoms
  7 wolves
  2 lemures (D:6)
  4 kobold brigands
  9 bullfrogs
  A wyvern skeleton (D:7)
  9 wights
  3 electric eels (D:12)
  3 centaur zombies
  3 gnoll shamans
  2 bullfrog zombies
  4 hounds
  A jelly (D:7)
  A bullfrog skeleton (D:6)
  A centaur skeleton (D:7)
  2 iguanas
  4 orc wizards
  A scorpion zombie (D:5)
  A killer bee zombie (D:9)
  2 howler monkey zombies (D:9)
  11 gnolls
  10 adders
  3 shadow imps
  3 white imps
  5 dart slugs
  19 orcs
  3 bats
  8 endoplasms
  A giant cockroach (D:1)
  7 goblins
  2 hobgoblins
  4 jackals (D:3)
  12 kobolds
  3 quokkas
  2 ball pythons
  3 frilled lizards
  3 rats
  A bush (Lair:6)
351 creatures vanquished.

Vanquished Creatures (collateral kills)
  5 hydras
  3 death yaks (Lair:3)
  A cyclops (D:11)
  2 black mambas
  A torpor snail (Lair:6)
  2 cane toads
  2 komodo dragons
  A jumping spider (Lair:3)
  Grinder (D:3)
  A wind drake (Lair:6)
  5 blink frogs
  A hornet (Lair:6)
  A snapping turtle (Lair:6)
  6 yaks
  2 wraiths
  2 basilisks (D:11)
  A wyvern (D:11)
  2 steam dragons
  A water moccasin (Lair:1)
  2 black bears
  An orc warrior (D:4)
  An ogre (D:7)
  A wolf (Lair:3)
  A phantom (D:7)
  A kobold brigand (D:9)
  2 bullfrogs
  6 wights
  A lava snake (Lair:5)
  A jelly (D:7)
  A centaur skeleton (D:7)
  An orc priest (D:4)
  A gnoll shaman (D:7)
  5 gnolls
  2 adders (Lair:5)
  A dart slug (D:5)
  2 orcs
  A ball python (D:4)
  A hobgoblin (D:2)
  4 kobolds
76 creatures vanquished.

Vanquished Creatures (others)
  A deep elf pyromancer (D:12)
  5 dream sheep (D:10)
  2 vampires
  13 flying skulls
  A wraith (Lair:6)
  A wolf spider zombie (Lair:5)
  A wight (Lair:1)
  3 black mamba zombies
  A redback zombie (Lair:3)
  2 mummies
  4 cane toad zombies
  9 elephant zombies
  2 hydra zombies (Lair:6)
  5 bullfrog zombies
  3 wyvern zombies
  6 blink frog zombies
  An elf zombie (D:12)
  2 komodo dragon zombies
  2 troll zombies
  9 water moccasin zombies
  10 yak zombies
  2 rime drake zombies
  A cyclops zombie (D:12)
  A basilisk zombie (D:11)
  An acid dragon zombie (D:11)
  7 adder zombies (Lair:5)
  A dart slug zombie (D:5)
  2 electric eel zombies (D:12)
  A frilled lizard zombie (D:3)
  A gnoll skeleton (D:7)
  8 gnoll zombies (D:7)
  3 hound zombies
  An iguana skeleton (D:4)
  An orc skeleton (D:4)
  5 orc zombies
  A steam dragon zombie (Lair:6)
  3 bushes (D:11)
  61 fungi
  126 plants
  4 starspawn tentacles (Abyss:3)
313 creatures vanquished.

Grand Total: 740 creatures vanquished

Notes
Turn   | Place    | Note
-------+----------+-------------------------------------------
     0 | D:1      | MacCMillion the Hill Orc Fighter began the quest for the
                  | Orb.
     0 | D:1      | Reached XP level 1. HP: 19/19 MP: 1/1
   264 | D:1      | Reached XP level 2. HP: 19/27 MP: 2/2
   424 | D:1      | Reached skill level 3 in Axes
   897 | D:1      | Found a faded altar of an unknown god.
  1021 | D:1      | Prayed at the altar of an unknown god.
  1021 | D:1      | Became a worshipper of Yredelemnul the Dark
  1021 | D:1      | Reached * piety under Yredelemnul
  1354 | D:2      | Reached XP level 3. HP: 24/33 MP: 3/3
  1490 | D:2      | Found a bloodstained altar of Trog.
  2613 | D:3      | Noticed Grinder
  2613 | D:3      | Paralysed by Grinder for 5 turns
  2660 | D:4      | Reached skill level 1 in Invocations
  2660 | D:4      | Reached XP level 4. HP: 8/40 MP: 4/4
  3063 | D:4      | Reached ** piety under Yredelemnul
  3064 | D:4      | Reached XP level 5. HP: 44/46 MP: 6/6
  3391 | D:4      | Found an iron altar of Okawaru.
  3563 | D:5      | Entered Level 5 of the Dungeon
  3580 | D:5      | Reached skill level 1 in Spellcasting
  3606 | D:5      | Noticed a phantom
  3622 | D:5      | Reached skill level 4 in Axes
  3668 | D:5      | Reached XP level 6. HP: 51/53 MP: 8/8
  3676 | D:5      | Found a staircase to the Ecumenical Temple.
  3711 | Temple   | Entered the Ecumenical Temple
  3819 | D:5      | Noticed Sigmund
  3955 | D:4      | Killed Sigmund
  3956 | D:4      | Reached skill level 5 in Fighting
  3956 | D:4      | Reached skill level 5 in Invocations
  3956 | D:4      | Reached XP level 7. HP: 61/61 MP: 8/10
  4066 | D:5      | Reached skill level 5 in Axes
  4249 | D:5      | Reached skill level 5 in Armour
  4266 | D:5      | Reached skill level 6 in Axes
  5031 | D:6      | Reached skill level 7 in Axes
  5031 | D:6      | Reached skill level 1 in Evocations
  5232 | D:6      | Reached XP level 8. HP: 62/68 MP: 11/11
  5565 | D:7      | Noticed Maggie
  5565 | D:7      | Found Vinieken's Magic Scroll Boutique.
  5617 | D:7      | Noticed Pikel
  5654 | D:6      | Killed Pikel
  6146 | D:3      | Killed Grinder
  6147 | D:3      | Reached skill level 8 in Axes
  6591 | D:4      | Reached skill level 5 in Evocations
  6769 | D:4      | Reached XP level 9. HP: 74/78 MP: 12/12
  6919 | D:7      | Found Rotumead's Distillery.
  6921 | D:7      | Bought a potion of heal wounds for 80 gold pieces
  6967 | D:7      | Reached skill level 9 in Axes
  7089 | D:7      | Found a sacrificial altar of Ru.
  7134 | D:7      | Reached *** piety under Yredelemnul
  7164 | D:7      | Reached skill level 10 in Axes
  7830 | D:7      | Reached skill level 11 in Axes
  7970 | D:7      | Killed Maggie
  8308 | D:7      | Reached skill level 1 in Necromancy
  8615 | D:7      | Reached XP level 10. HP: 73/86 MP: 13/13
  8852 | D:7      | Noticed a deep elf pyromancer
  8951 | D:7      | Bought a scroll of blinking for 75 gold pieces
  8951 | D:7      | Bought 3 scrolls of fear for 105 gold pieces
  9370 | D:8      | Reached skill level 12 in Axes
  9689 | D:8      | Found Epnadag's Lightly-Used Armoury.
  9719 | D:8      | Received a gift from Yredelemnul (2 flying skulls)
  9799 | D:8      | Found a shadowy altar of Dithmenos.
 10095 | D:8      | Noticed a purple ugly thing
 10102 | D:8      | Killed a purple ugly thing
 10740 | D:9      | Found Bedec's Assorted Antiques.
 10756 | D:9      | Bought a notched bronze ring for 125 gold pieces
 10827 | D:9      | Reached **** piety under Yredelemnul
 10943 | D:9      | Reached skill level 13 in Axes
 10957 | D:9      | Reached skill level 5 in Necromancy
 11516 | D:9      | Noticed a two-headed ogre
 11528 | D:9      | Killed a two-headed ogre
 11529 | D:9      | Reached skill level 14 in Axes
 12080 | D:10     | Entered Level 10 of the Dungeon
 12241 | D:10     | Found Muisyto's Book Emporium.
 12443 | D:10     | Noticed a kobold demonologist
 12460 | D:10     | Killed a kobold demonologist
 12461 | D:10     | Reached XP level 11. HP: 81/94 MP: 14/14
 12573 | D:10     | Found Jihoniq's Weapon Boutique.
 12801 | D:10     | Found a shimmering altar of Xom.
 13352 | D:11     | Reached skill level 15 in Axes
 13355 | D:11     | Received a gift from Yredelemnul (a mummy)
 13359 | D:11     | Found a staircase to the Lair.
 13651 | D:11     | Noticed a cyclops
 13945 | D:11     | Killed a cyclops
 13946 | D:11     | Reached skill level 10 in Fighting
 14043 | D:11     | Noticed a deep elf pyromancer
 14043 | D:11     | Noticed a rakshasa
 14073 | Lair:1   | Entered Level 1 of the Lair of Beasts
 14073 | Lair:1   | Noticed a five-headed hydra
 14087 | Lair:1   | Killed a five-headed hydra
 14088 | Lair:1   | Reached skill level 1 in Dodging
 14550 | Lair:1   | Received a gift from Yredelemnul (a wight)
 14636 | Lair:1   | Learned a level 2 spell: Poisonous Vapours
 14641 | Lair:1   | Learned a level 4 spell: Olgreb's Toxic Radiance
 14676 | Lair:1   | Reached skill level 1 in Poison Magic
 14781 | Lair:1   | Noticed Urug
 15391 | Lair:1   | Reached XP level 12. HP: 106/106 MP: 18/18
 15536 | Lair:1   | Noticed an eight-headed hydra
 15541 | Lair:1   | Killed an eight-headed hydra
 15790 | Lair:2   | Found a staircase to the Shoals.
 16147 | Lair:1   | Killed Urug
 16398 | Lair:2   | Noticed a five-headed hydra
 16538 | Lair:1   | Killed a five-headed hydra
 16539 | Lair:1   | Reached skill level 10 in Invocations
 16890 | Lair:2   | Received a gift from Yredelemnul (a mummy)
 16997 | Lair:2   | Identified the +2 long sword of Light {holy, rElec rPois}
 17156 | Lair:2   | HP: 3/107 [poisoned by a death drake (foul vapour)]
 17749 | Lair:3   | Found a runed translucent door.
 17750 | Lair:3   | Noticed an eight-headed hydra
 17751 | Lair:3   | Noticed Onkuvak's ghost (journeyman TrMo)
 18086 | Lair:3   | Reached skill level 16 in Axes
 18346 | Lair:3   | Found a hole to the Spider Nest.
 18908 | Lair:4   | Reached ***** piety under Yredelemnul
 18908 | Lair:4   | Received a gift from Yredelemnul (4 flying skulls)
 18922 | Lair:4   | Identified a scroll of acquirement
 19061 | Lair:4   | Noticed a six-headed hydra
 19073 | Lair:4   | Killed an eight-headed hydra
 19093 | Lair:4   | Reached XP level 13. HP: 49/117 MP: 18/20
 19850 | Lair:3   | Reached skill level 17 in Axes
 19858 | Lair:3   | Identified the +0 plate armour of Proximity {-Tele rN++
                  | Slay+4 SInv}
 20432 | Lair:5   | Received a gift from Yredelemnul (2 flying skulls)
 20471 | Lair:5   | Reached skill level 5 in Poison Magic
 20634 | Lair:5   | Found a viscous altar of Jiyva.
 20635 | Lair:5   | Found a staircase to the Slime Pits.
 20963 | Lair:5   | Received a gift from Yredelemnul (a vampire)
 21665 | Lair:6   | Entered Level 6 of the Lair of Beasts
 21935 | Lair:6   | Noticed Snorg
 21945 | Lair:6   | Killed Snorg
 21995 | Lair:6   | Reached skill level 10 in Armour
 21995 | Lair:6   | Reached XP level 14. HP: 111/129 MP: 21/21
 22018 | Lair:6   | Received a gift from Yredelemnul (5 flying skulls)
 22131 | Lair:6   | Reached ****** piety under Yredelemnul
 22149 | Lair:6   | Received a gift from Yredelemnul (a wraith)
 22523 | Lair:6   | Reached skill level 15 in Fighting
 22936 | Lair:5   | Acquired a +0 kite shield of fire resistance
 24024 | D:11     | Identified the +9 rapier of Righteous Fury {holy, rC+ Will+
                  | Int+3 Stlth+}
 24027 | D:11     | Got the Papyrus of Enchanting Shape Shifting
 24542 | D:11     | Reached skill level 1 in Throwing
 24689 | D:12     | Reached skill level 5 in Shields
 24795 | D:12     | Acquired a +1 pair of gloves of infusion
 25068 | D:12     | Found a staircase to the Orcish Mines.
 25122 | D:12     | Received a gift from Yredelemnul (a vampire)
 26446 | D:13     | Paralysed by an ogre mage for 7 turns
 26463 | D:13     | Received a gift from Yredelemnul (a wraith)
 26532 | D:13     | Cast into level 3 of the Abyss (a wizard)
 26697 | Abyss:3  | Paralysed by a great orb of eyes for 5 turns
 26723 | Abyss:3  | Noticed a tentacled starspawn
 26752 | Abyss:3  | Noticed a tentacled starspawn
 26765 | Abyss:3  | HP: 4/135 [thrashing horror (6)]
 26769 | Abyss:3  | HP: 1/135 [thrashing horror (4)]
 26772 | Abyss:3  | Mangled by a thrashing horror

Illustrated notes

Levels and vault maps discovered:
D:1:      shiori_arrival_maze, layout_loops_ring, ebering_ecumenical_altar_ruins
D:2:      layout_basic, basic_altar, minmay_misc_feat_square
D:3:      layout_basic, kennysheep_generic_room_4, uniq_grinder
D:4:      layout_cave_pools, amcnicky_altar_gilded
D:5:      layout_basic, temple_statues, uniq_sigmund
D:6:      layout_cave_pools, chequers_jeans, hangedman_decor_lopped
D:7:      kennysheep_spiral_hall, layout_rooms, marbit_many_paths, serial_shops,
          shop_fountains, nicolae_shop_hallway_stairs, st_stairs_1,
          hangedman_decor_points, minmay_misc_feat_doors,
          lightli_corner_chamber, uniq_pikel, uniq_maggie
D:8:      layout_layer_cave, grunt_dithmenos_smoke, serial_park_tiny_pond,
          grunt_decor_one_mirror, minmay_shop_damaged
D:9:      layout_loops_ring, serial_shops, nicolae_stop_n_shop_2,
          chequers_serial_rivers_small_b, evilmike_butchery
D:10:     layout_roguey, kb_xom_exploding_sheep, serial_shops,
          nicolae_diamond_shop, shop
D:11:     layout_basic, minmay_lair_entry_grove, minmay_radiant
D:12:     layout_basic, minmay_misc_feat_secret_circle
D:13:     layout_stronghold, grunt_vaults_entry_fortified, enter_bailey_5,
          minivault_21, chequers_serial_rivers_small_b
Temple:   compressed_dpeg_circular_temple
Lair:1:   layout_gridlike, infiniplex_staircase_pool, grunt_megastairs_2,
          uniq_urug
Lair:2:   layout_roguey, minmay_shoals_entry_beasts, evilmike_ambush
          [evilmike_ambush_outer_basic, evilmike_ambush_inner_basic],
          grunt_megastairs_4, serial_bayou_shore_b
Lair:3:   layout_gridlike, spider_nest_entry_funnel_web,
          ebering_ghost_inner_flame
Lair:4:   layout_gridlike, forest_entry_grove, serial_bayou_shore_a
Lair:5:   minmay_lair_venomous_thicket, layout_gridlike, slime_altar_1,
          lemuel_fruit_fields
Lair:6:   gammafunk_lair_ancient_temple, layout_regular_city, uniq_snorg
Abyss:3:  base: D:9, evilmike_abyss_exit_6, evilmike_abyss_exit_chaos,
          evilmike_abyss_rune_tso_outpost

Skill      XL: |  1  2  3  4  5  6  7  8  9 10 11 12 13 14 |
---------------+-------------------------------------------+-----
Axes           | 3 4 7 8 11 14 15 16 17 | 17.6
Fighting       | 4 5 6 7 10 11 13 15 | 15.3
Shields        | 4 6 |  6.6
Invocations    | 1 2 3 5 8 10 | 10.9
Armour         | 4 5 7 10 | 10.0
Spellcasting   | 1 |  1.0
Evocations     | 2 5 |  5.0
Maces & Flails | 4 |  4.9
Necromancy     | 1 5 |  5.0
Dodging        | 2 3 |  3.0
Poison Magic   | 1 3 6 |  6.0
Throwing       | 2 |  2.8
Air Magic      | |  0.1

Action                   |  1- 3 |  4- 6 |  7- 9 | 10-12 | 13-15 || total
-------------------------+-------+-------+-------+-------+-------++-------
Melee: War axe           |    91 |    42 |   244 |   370 |       ||   747
       Unarmed           |     7 |       |     2 |       |       ||     9
       Morningstar       |       |       |    13 |    35 |       ||    48
       Broad axe         |       |       |       |    92 |   354 ||   446
Throw: Boomerang         |       |       |     4 |     1 |       ||     5
       Dart              |       |       |       |     1 |    16 ||    17
Invok: Animate Remains   |     7 |     8 |    10 |       |       ||    25
       Animate Dead      |       |       |     6 |    35 |    38 ||    79
       Recall Undead Sla |       |       |       |       |     2 ||     2
       Injury Mirror     |       |       |       |       |     1 ||     1
       Drain Life        |       |       |       |       |     1 ||     1
Evoke: Wand              |       |       |     3 |     5 |     4 ||    12
  Use: Scroll            |       |     4 |     1 |    20 |     7 ||    32
       Potion            |       |       |     1 |     5 |     2 ||     8
 Stab: Distracted        |       |       |     1 |     7 |     3 ||    11
Armor: Scale mail        |    11 |       |       |       |       ||    11
       Plate armour      |    45 |    35 |   142 |   225 |   246 ||   693
Dodge: Dodged            |    38 |    30 |    97 |   178 |   141 ||   484
Block: Buckler           |    11 |    11 |    52 |   118 |   186 ||   378
       Reflection        |       |       |       |       |     8 ||     8

Table legend: (Time is in decaauts)
 A = Elapsed time spent in this place.
 B = Non-inter-level travel time spent in this place.
 C = Inter-level travel time spent in this place.
 D = Time resting spent in this place.
 E = Time spent auto-exploring this place.
 F = Levels seen in this place.
 G = Mean time per level.
                   A        B        C        D        E       F      G
               +--------+--------+--------+--------+--------+-----+--------+
         Total |  26725 |  25908 |    817 |  10819 |   7952 |  21 | 1272.6 |
       Dungeon |  17031 |  16428 |    603 |   6359 |   6034 |  13 | 1310.1 |
        Temple |     88 |     88 |      0 |      0 |     64 |   1 |   88.0 |
          Lair |   9366 |   9152 |    214 |   4386 |   1854 |   6 | 1561.0 |
         Abyss |    238 |    238 |      0 |     74 |      0 |   1 |  238.0 |
               +--------+--------+--------+--------+--------+-----+--------+

Top non-repeatable levels by time:
  Lair:1: 2506 daAuts
     D:7: 2178 daAuts
  Lair:3: 1887 daAuts
    D:11: 1719 daAuts
     D:8: 1619 daAuts
  Lair:5: 1532 daAuts
    D:12: 1452 daAuts
     D:6: 1438 daAuts
     D:4: 1429 daAuts
     D:9: 1374 daAuts
  Lair:4: 1337 daAuts
    D:10: 1292 daAuts
     D:2: 1265 daAuts
  Lair:2: 1139 daAuts
     D:1: 1127 daAuts
